 Dungeon Crawl Stone Soup version 0.20-a0-839-gdaf5c57 (webtiles) character file.

18 4thArraOfDagon the Skirmisher (level 2, -1/23 HPs)
             Began as a Mummy Wanderer on Mar 8, 2017.
             Slain by an adder (2 damage)
             ... on level 3 of the Dungeon.
             The game lasted 00:01:47 (712 turns).

4thArraOfDagon the Skirmisher (Mummy Wanderer)       Turns: 712, Time: 00:01:47

Health: -1/23      AC:  7    Str: 15    XL:     2   Next: 48%
Magic:  2/2        EV: 10    Int: 10    God:
Gold:   63         SH:  0    Dex: 12    Spells: 1/1 levels left

rFire    x . .     SeeInvis .   h - -2 morningstar (curse)
rCold    + . .     Gourm    .   e - +0 ring mail
rNeg     + + +     Faith    .   (no shield)
rPois    ∞         Spirit   .   f - +0 helmet
rElec    .         Reflect  .   (no cloak)
rCorr    .         Harm     .   j - +0 pair of gloves
MR       .....                  (no boots)
Stlth    +.........             (no amulet)
Regen    0.1/turn               (no ring)
MPRegen  0.1/turn               (no ring)

@: no status effects
A: no food or potions, fire vulnerability, cold resistance 1, negative energy
resistance 3, torment resistance, unbreathing
a: no special abilities


You were on level 3 of the Dungeon.
You were not hungry.

You visited 1 branch of the dungeon, and saw 3 of its levels.

You collected 63 gold pieces.

Inventory:

Hand Weapons
 a - a +2 dagger
 h - a cursed -2 morningstar (weapon)
Armour
 d - a +0 robe
 e - a +0 ring mail (worn)
 f - a +0 helmet (worn)
 j - a +0 pair of gloves (worn)
Scrolls
 b - a scroll of fear
 c - 2 scrolls of teleportation
 g - a scroll of identify
 i - a scroll of enchant weapon


   Skills:
 + Level 2.5 Fighting
 - Level 1.0 Throwing
 - Level 1.0 Dodging
 - Level 2.4 Stealth
 - Level 1.0 Unarmed Combat
   Level 1.5 Conjurations
   Level 1.0 Necromancy


You had one spell level left.
You didn't know any spells.

Dungeon Overview and Level Annotations

Branches:
Dungeon (3/15)

Altars:
Vehumet
Wu Jian
Zin


Innate Abilities, Weirdness & Mutations

You do not eat or drink.
Your flesh is vulnerable to fire.
You are immune to poison.
Your flesh is cold resistant. (rC+)
You are immune to negative energy. (rN+++)
You are immune to unholy pain and torment.
You can survive without breathing.


Message History

The adder bites you. The adder misses you.
You hit the adder but do no damage.
The adder is lightly wounded.
The adder bites you but does no damage. x2
You closely miss the adder.
The adder is lightly wounded.
The adder bites you but does no damage. x2
You barely miss the adder.
The adder is lightly wounded.
The adder bites you.
* * * LOW HITPOINT WARNING * * *
The adder barely misses you.
You miss the adder.
The adder is lightly wounded.
The adder bites you but does no damage. The adder bites you.
* * * LOW HITPOINT WARNING * * *
Your ring mail prevents you from hitting the adder.
The adder is lightly wounded.
The adder bites you.
You die...

#.##....# #.............
#.#.. ## #............w
#.#.#######..........#..
#.#.#................# g
#.....# ##..........#
#....## #..........
##...## ###.........#
#....######.........?..
#.......@SlK#.....>...#
#....#######..........#
#.#### #...........# ##
#.#.........#
#...####..#.?. #..## .#
#.. .# ##! # #.


You could see an adder, a leopard gecko and a kobold.

Vanquished Creatures
  A dart slug (D:1)
  2 bats
  A giant cockroach (D:3)
  3 goblins (D:2)
  A hobgoblin (D:2)
  2 kobolds (D:1)
  A ball python (D:1)
  2 frilled lizards (D:2)
  A rat (D:2)
14 creatures vanquished.

Notes
Turn   | Place    | Note
-------+----------+-------------------------------------------
     0 | D:1      | 4thArraOfDagon the Mummy Wanderer began the quest for the Orb.
     0 | D:1      | 4thArraOfDagon set off with: a +2 dagger, a scroll of fear, 2 scrolls of teleportation, a +0 robe
     0 | D:1      | Reached XP level 1. HP: 15/15 MP: 1/1
   408 | D:2      | Found an ornate altar of the Wu Jian Council.
   408 | D:2      | Found a radiant altar of Vehumet.
   409 | D:2      | Found a glowing silver altar of Zin.
   428 | D:2      | Reached XP level 2. HP: 21/22 MP: 2/2
   711 | D:3      | HP: 1/23 [adder (4)]
   712 | D:3      | Slain by an adder

Vault maps used:
D:1:      lightli_arrival_statue_moat
D:2:      nicolae_overflow_hidden_temple, first_bread, uniq_terence
D:3:      gup_sewer_entry_spiral, minmay_close_crescents

Skill      XL: |  1 |
---------------+----+-----
Fighting       | 2 |  2.5
Throwing       | |  1.0
Dodging        | |  1.0
Stealth        | |  2.4
Unarmed Combat | |  1.0
Conjurations   | |  1.5
Necromancy     | |  1.0

Action                   || total
-------------------------++-------
Melee: Dagger            ||    30
       Morningstar       ||    41
  Use: Scroll            ||     1
 Stab: Sleeping          ||     2
Armor: Ring mail         ||    42
       Robe              ||     2
Dodge: Dodged            ||    47
